Unix NetHack Version 3.7.0-89 Work-in-progress - last build Oct 29 2023 02:39:45 (20cca84197b74dff38aa9bb07c633f6875ef724d,branch:master). Game began 2023-10-31 11:48:35, ended 2023-10-31 11:52:53. BeanNighe, neutral male human Tourist ----- ###r@r.| # |rr.| ------- #####....| +.....| ### --|- #|.....| ----.----- # ## #......-### |<....)..| # #### #------- ###########........(.#########%######## #### # #####|.......)|###0### # -|-----.-------- # ### ---------- # # |..............| # #### ####--.--# |..............| # ## #|...|# |..............| # # #### #|...|# |..............| ---.--# # #.....# ---------------- |....-# ### |...| |....| ###### |...| |.....##### ----- |....| ------ BeanNighe the Sightseer St:12 Dx:12 Co:16 In:11 Wi:6 Ch:18 Neutral Dlvl:3 $:236 HP:0(27) Pw:11(11) AC:4 Xp:3/59 T:950 Latest messages: You hear a door open. You climb up the stairs. You hear some noises in the distance. You stop searching. It misses the wererat. What do you want to throw? [$a or ?*] In what direction? The dart misses the wererat. The wererat misses! It misses the wererat. What do you want to throw? [$a or ?*] In what direction? The dart misses the wererat. The wererat misses! It bites the wererat. What do you want to throw? [$a or ?*] In what direction? The dart hits the wererat. The wererat bites! You feel feverish. It misses the wererat. It misses the wererat. What do you want to throw? [$a or ?*] In what direction? The dart misses the wererat. The wererat bites! It misses the wererat. What do you want to throw? [$a or ?*] In what direction? The dart hits the wererat. The wererat bites! It misses the wererat. It misses the wererat. What do you want to throw? [$a or ?*] In what direction? The dart hits the wererat. The wererat summons help! A sewer rat suddenly appears next to you! A sewer rat suddenly appears next to you! A sewer rat suddenly appears next to you! The wererat bites! It misses the wererat. What do you want to throw? [$a or ?*] In what direction? The dart misses the wererat. The sewer rat bites! The sewer rat misses! The sewer rat bites! The wererat bites! You die... Inventory: Coins ('$') $ - 236 gold pieces Weapons (')') a - 13 uncursed +2 darts (at the ready) Armor ('[') A - an uncursed +0 orcish helm (being worn) k - an uncursed +0 Hawaiian shirt with a ukulele motif (being worn) v - a blessed +0 elven mithril-coat (being worn) Comestibles ('%') d - an uncursed haggis c - 5 uncursed food rations o - an uncursed food ration f - 2 uncursed fortune cookies e - an uncursed orange b - an uncursed pear g - 2 uncursed tripe rations r - 3 uncursed lichen corpses Scrolls ('?') z - a blessed scroll of amnesia j - 4 uncursed scrolls of magic mapping y - a cursed scroll of remove curse Spellbooks ('+') n - an uncursed spellbook of blank paper Potions ('!') u - a blessed potion of confusion h - an uncursed potion of extra healing t - a blessed potion of paralysis Wands ('/') x - an uncursed wand of cold (0:2) s - an uncursed wand of striking (0:4) Tools ('(') m - an uncursed credit card l - an uncursed expensive camera (0:62) p - an uncursed oil lamp Gems/Stones ('*') w - 2 uncursed worthless pieces of white glass q - an uncursed worthless piece of yellow glass BeanNighe the Tourist's attributes: Background: You were a Sightseer, a level 3 male human Tourist. You were neutral, on a mission for The Lady who was opposed by Blind Io (lawful) and Offler (chaotic). You were in the Dungeons of Doom, on level 3. You entered the dungeon 950 turns ago. There was a full moon in effect when your adventure ended. You had 59 experience points, 21 more were needed to attain level 4. Basics: You had 0 out of 27 hit points. You had all 11 energy points (spell power). Your armor class was 4. Your wallet contained 236 zorkmids. Autopickup was on for '$?!"=/*', with exceptions. Final Characteristics: Your strength was 12 (limit:18/100). Your dexterity was 12 (limit:18). Your constitution was 16 (limit:18). Your intelligence was 11 (limit:18). Your wisdom was 6 (limit:18). Your charisma was 18 (limit:18). Final Status: You weren't hungry. You were unencumbered. You were bare handed. You were unskilled in bare handed combat. Final Attributes: You were devoutly aligned. You were level-drain resistant. You were guarded. You were a wererat. You were harmed by silver. You were lucky. You are dead. Miscellaneous: You disabled loading of bones levels. Total elapsed playing time was 4 minutes and 17 seconds. Major events: Turn 1: BeanNighe the neutral male human Tourist entered the dungeon 196: entered the Gnomish Mines 762: attained the rank of Sightseer (level 3) 950: killed by a wererat Vanquished creatures: a werejackal 2 hobbits a green mold a red mold a gnome 3 geckos a jackal a fox 2 goblins 8 grid bugs 4 lichens a kobold zombie a newt 27 creatures vanquished. No species were genocided or became extinct. Voluntary challenges: You never hit with a wielded weapon. You read items or engraved 4 times. You engraved Elbereth 1 time. You never genocided any monsters. You never polymorphed an object. You never changed form. You used no wishes. Achievements: You entered the Gnomish Mines. You attained the rank of Sightseer. The Dungeons of Doom: levels 1 to 4 Level 1: Level 2: A fountain, a grave. Stairs down to The Gnomish Mines. Level 3: <- You were here. Final resting place for you, killed by a wererat. Level 4: The Gnomish Mines: Level 3: Game over: ---------- / \ / REST \ / IN \ / PEACE \ / \ | BeanNighe | | 236 Au | | killed by a | | wererat | | | | | | 2023 | *| * * * | * _________)/\\_//(\/(/\)/\//\/|_)_______ Aloha BeanNighe the Tourist... You died in The Dungeons of Doom on dungeon level 3 with 417 points, and 236 pieces of gold, after 950 moves. You were level 3 with a maximum of 27 hit points when you died.